 Dungeon Crawl Stone Soup version 0.20.0-4-g10b340a (webtiles) character file.

167914 Chiseanne the Spry (level 17, -2/96 HPs)
             Began as a Deep Elf Arcane Marksman on May 28, 2017.
             Was an Initiate of Gozag.
             Slain by a ghost moth (11 damage)
             ... on level 1 of the Spider Nest.
             The game lasted 02:29:16 (45984 turns).

Chiseanne the Spry (Deep Elf Arcane Marksman)      Turns: 45984, Time: 02:29:16

Health: -2/96      AC: 36    Str: 19 (20) XL:     17   Next: 32%
Magic:  0/45       EV: 14    Int: 26      God:    Gozag
Gold:   851        SH:  0    Dex: 16      Spells: 27/41 levels left

rFire    . . .     SeeInvis +   a - +4 bardiche of Bowofur {flame, rN+ Str+8 Int-4 SInv}
rCold    . . .     Gourm    .   (shield currently unavailable)
rNeg     + + +     Faith    .   I - +8 plate armour "Izxushei" {rPois Str+2 Int+3}
rPois    +         Spirit   +   d - +3 hat of Pondering {ponderous, MR+ MP+10 Int+5}
rElec    .         Reflect  .   b - +0 cloak {rPois}
rCorr    .         Harm     .   f - +1 pair of gloves {archery}
MR       +....                  U - +1 pair of boots {run}
Stlth    ..........             r - amulet of Equivalence {Spirit rN++ MR-}
Regen    0.3/turn               D - +4 ring of slaying
MPRegen  0.3/turn               E - +3 ring of protection

@: no status effects
A: no striking features
a: Potion Petition, Call Merchant, Bribe Branch, Renounce Religion


You were on level 1 of the Spider Nest.
You worshipped Gozag.
Gozag was pleased with you.
You were not hungry.

You visited 5 branches of the dungeon, and saw 26 of its levels.
You also visited: Labyrinth.

You collected 12260 gold pieces.
You spent 5187 gold pieces at shops.
You paid 6222 gold pieces to Gozag.

Inventory:

Hand Weapons
 a - the +4 bardiche of Bowofur (weapon) {flame, rN+ Str+8 Int-4 SInv}
   (You bought it in a shop on level 8 of the Dungeon)

   It has been specially enchanted to burn those struck by it, causing extra
   injury to most foes and up to half again as much damage against particularly
   susceptible opponents.
   Big, fiery blades are also staple armaments of hydra-hunters.
   It affects your strength (+8).
   It affects your intelligence (-4).
   It protects you from negative energy.
   It lets you see invisible.
 e - the +3 hunting sling of the Valley of Death {velocity, rC+ MR- Int+4 Dex+3}
   (You took it off a minotaur in a labyrinth)

   Any stone fired from it inflicts extra damage.
   It affects your intelligence (+4).
   It affects your dexterity (+3).
   It protects you from cold.
   It affects your resistance to hostile enchantments.
 q - a +1 longbow of flaming
 w - a +2 blowgun
Missiles
 j - 113 sling bullets
 p - 214 bolts
 v - 8 needles of confusion
 F - 434 arrows
 L - 10 curare-tipped needles
Armour
 b - a +0 cloak of poison resistance (worn)
 d - the +3 hat of Pondering (worn) {ponderous, MR+ MP+10 Int+5}
   (You bought it in a shop on level 15 of the Dungeon)

   It affects your intelligence (+5).
   It affects your resistance to hostile enchantments.
   It affects your magic capacity (+10).
 f - a +1 pair of gloves of archery (worn)
 I - the +8 plate armour "Izxushei" (worn) {rPois Str+2 Int+3}
   (You bought it in a shop on level 10 of the Dungeon)

   It affects your strength (+2).
   It affects your intelligence (+3).
   It protects you from poison.
 U - a +1 pair of boots of running (worn)
Jewellery
 r - the amulet of Equivalence (around neck) {Spirit rN++ MR-}
   (You bought it in a shop on level 9 of the Dungeon)

   [amulet of guardian spirit]

   It causes incoming damage to be split between your health and magic.
   It greatly protects you from negative energy.
   It affects your resistance to hostile enchantments.
 D - a +4 ring of slaying (left hand)
 E - a +3 ring of protection (right hand)
 J - the ring "Leghaf" {rElec Int-3}
   (You bought it in a shop on level 9 of the Dungeon)

   [ring of intelligence]

   It affects your intelligence (-3).
   It insulates you from electricity.
Wands
 c - a wand of paralysis (4/24)
 G - a wand of confusion (1/48)
 K - a wand of digging (18/24)
Scrolls
 i - 8 scrolls of remove curse
 k - 3 scrolls of magic mapping
 A - 7 scrolls of teleportation
 N - 3 scrolls of identify
 R - 2 scrolls of fear
 Y - 2 scrolls of blinking
 Z - a scroll of fog
Potions
 g - 4 potions of flight
 h - a potion of curing
 u - 2 potions of agility
 x - 4 potions of cancellation
 y - a potion of haste
 z - 2 potions of might
 O - 2 potions of invisibility
 Q - a potion of berserk rage
Books
 l - a book of Death

   Spells                             Type                      Level
   a - Corpse Rot                     Necromancy                   2
   b - Sublimation of Blood           Necromancy                   2
   c - Agony                          Necromancy                   5
   d - Dispel Undead                  Necromancy                   5
   e - Excruciating Wounds            Charms/Necromancy            5
   f - Bolt of Draining               Conjuration/Necromancy       5
 n - a book of Callings

   Spells                             Type                      Level
   a - Summon Small Mammal            Summoning                    1
   b - Call Imp                       Summoning                    2
   c - Call Canine Familiar           Summoning                    3
   d - Summon Guardian Golem          Hexes/Summoning              3
   e - Summon Lightning Spire         Summoning/Air                4
   f - Summon Ice Beast               Ice/Summoning                4
Comestibles
 m - 5 meat rations


   Skills:
 - Level 7.4 Fighting
   Level 3.8(8.6) Axes
 * Level 10.8(11.1) Polearms
 - Level 3.2 Throwing
 * Level 12.1 Armour
 - Level 15.2 Dodging
 * Level 12.6 Spellcasting
 * Level 7.8 Conjurations
 * Level 9.7 Hexes
 * Level 4.1 Translocations
 - Level 10.0 Evocations


You had 27 spell levels left.
You knew the following spells:

 Your Spells              Type           Power        Failure   Level  Hunger
a - Corona                Hex            ######.      1%          1    None
b - Slow                  Hex            ######..     1%          2    None
c - Cause Fear            Hex            ######....   10%         4    None
d - Dazzling Spray        Conj/Hex       ######       4%          3    None
e - Force Lance           Conj/Tloc      #####...     43%         4    None


Dungeon Overview and Level Annotations

Branches:
Dungeon (15/15)            Temple (1/1) D:6            Lair (6/6) D:10
  Swamp (0/4) Lair:2       Spider (2/4) Lair:4        Slime (0/5) Lair:5
    Orc (2/2) D:9             Elf (0/3) Orc:2        Vaults (0/5) D:13
 Depths (0/5) D:15

Altars:
Ashenzari
Cheibriados
Dithmenos
Elyvilon
Fedhas
Gozag
Hepliaklqana
Kikubaaqudgha
Makhleb
Nemelex Xobeh
Okawaru
Qazlal
Ru
Sif Muna
Trog
Uskayaw
Vehumet
Xom
Yredelemnul
Zin
The Shining One
Beogh
Jiyva

Shops:
D:7 :   D:8 (}   D:9 =   D:10 [(   D:13 [   D:15 [:[   Orc:2 }?(=?

Portals:
Trove: D:14 (show slimy rune of Zot)

Annotations:
D:6 Serafim's ghost, novice MiFi
D:7 exclusion: upstairs, Fv001's ghost, novice DrCj
Lair:4 Deemzul's ghost, journeyman FoFi
Lair:5 exclusion: 4 oklob plants


Message History

Evoke which item? (* to show all) (? for menu, Esc to quit)
Aiming: Paralyse
Press: ? - help, Shift-Dir - straight line, f/p - ghost moth
Aim: a ghost moth (almost dead, slightly transparent, chance to defeat MR: 11%)
Okay, then.
Unknown command.
Evoke which item? (* to show all) (? for menu, Esc to quit)
Okay, then.
You hit the ghost moth. You burn the ghost moth.
The ghost moth is almost dead.
The ghost moth stares at you.
You feel your power leaking away. The ghost moth hits you!
* * * LOW HITPOINT WARNING * * *
The ghost moth completely misses you.
The ghost moth stings you but does no damage.
The ghost moth hits you but does no damage.
The ghost moth hits you!
You die...
Your body crumbles into a pile of gold.

..##.....###....######...### #..#
..###....##...#.####....## #.##
#.# ###....##..........## ##.#
#.#####.####...........## ##.##
#.....### ##............## #.## #
###..## #...........##.###.# #
##.# ####.......>...####..## # #
#.# #.##............# ##.#
####.###.##.....@......# #.## #
.##.............y......# #..####
#^..########.###......## ##...#..
#..## ##..#####...#####..^....
#...## ##....###.######.........
.##..####............##....####..
.###^.##....................###..
.# ##........##..................
.####.#########...............###


You could see a ghost moth (invisible).

Vanquished Creatures
  Donald (Orc:2)
  An emperor scorpion (Spider:1)
  2 entropy weavers
  Nessos (D:15)
  A dire elephant (Lair:6)
  Snorg (D:10)
  A minotaur (Lab)
  Josephine (D:10)
  Erolcha (Orc:1)
  Fannar (Lair:1)
  12 hydras
  An ice dragon (Orc:2)
  A centaur warrior (D:13)
  A vault guard (D:13)
  2 ogre magi (D:15)
  13 two-headed ogres
  2 catoblepae
  Erica (D:9)
  A tengu warrior (D:14)
  3 death yaks (Lair:6)
  A deep troll shaman (Lair:6)
  Sonja (D:11)
  3 skeletal warriors (D:12)
  2 unseen horrors
  A wizard (D:15)
  Pikel (D:7)
  8 orc knights
  A wolf spider zombie (D:14)
  2 deep elf magi
  8 ugly things
  An orc sorcerer (Orc:2)
  4 manticores
  2 orb spiders (Spider:1)
  A moth of wrath (Spider:1)
  6 cyclopes
  6 elephants
  7 wolf spiders
  Joseph (D:8)
  2 naga magi (D:15)
  Psyche (D:9)
  A torpor snail (Spider:1)
  2 gargoyles
  A water nymph (shapeshifter) (D:14)
  8 black mambas
  16 spiny frogs
  3 rime drakes
  3 kobold demonologists (D:15)
  A yaktaur (D:15)
  A rime drake (shapeshifter) (D:15)
  5 komodo dragons
  A demonic crawler (Spider:2)
  5 trolls
  An efreet (D:13)
  2 ice devils (Lair:6)
  2 polar bears (Lair:6)
  9 jumping spiders
  7 hornets
  Prince Ribbit (D:7)
  7 blink frogs
  A dream sheep (Lair:5)
  17 slime creatures
  15 hippogriffs
  7 wraiths
  2 shadows
  48 redbacks
  3 basilisks
  67 yaks
  8 tarantellas (Spider:1)
  7 wyverns
  10 vampire mosquitoes
  3 hungry ghosts
  Grum (D:11)
  10 wargs
  3 acid dragons (D:15)
  14 water moccasins
  9 porcupines
  Duvessa (D:7)
  4 black bears
  52 orc warriors
  4 ice beasts
  4 sky beasts
  3 slaves (D:7)
  4 phantoms
  2 eyes of draining
  3 necrophages
  14 ogres
  8 centaurs
  12 wolves
  20 crocodiles
  5 big kobolds
  21 bullfrogs
  Dowan (D:7)
  3 gnoll sergeants
  A wyvern skeleton (D:12)
  10 scorpions
  24 killer bees
  17 wights
  3 howler monkeys
  4 electric eels
  8 crimson imps
  3 centaur zombies
  A quasit (D:11)
  3 bullfrog zombies
  6 jellies
  11 orc priests
  4 centaur skeletons
  9 hounds
  34 orc wizards
  2 bullfrog skeletons
  9 iguanas
  18 worker ants
  8 hell rats (Lair:6)
  3 killer bee zombies
  A hound skeleton (D:8)
  Robin (D:4)
  7 gnolls
  3 worker ant zombies
  12 adders
  6 shadow imps
  2 oozes (Lair:5)
  A worm (D:3)
  A leopard gecko (D:3)
  125 orcs
  9 bats
  2 giant cockroaches
  17 goblins
  5 hobgoblins
  13 jackals
  23 kobolds
  7 quokkas
  2 ball pythons
  4 frilled lizards
  A leopard gecko zombie (D:5)
  A quokka skeleton (D:7)
  A quokka zombie (D:6)
  3 rats
  14 fungi
  18 plants
1026 creatures vanquished.

Vanquished Creatures (collateral kills)
  A komodo dragon (D:15)
  A hornet (D:10)
  An electric eel (D:10)
3 creatures vanquished.

Vanquished Creatures (others)
  A slave (D:7)
  A bush (Lair:4)
  15 fungi
  30 plants
47 creatures vanquished.

Grand Total: 1076 creatures vanquished

Notes
Turn   | Place    | Note
-------+----------+-------------------------------------------
     0 | D:1      | Chiseanne the Deep Elf Arcane Marksman began the quest for the Orb.
     0 | D:1      | Reached XP level 1. HP: 11/11 MP: 5/5
    88 | D:1      | Reached skill level 1 in Fighting
   221 | D:1      | Reached XP level 2. HP: 13/16 MP: 6/6
   875 | D:2      | Found a sparkling altar of Nemelex Xobeh.
  1079 | D:2      | Reached XP level 3. HP: 15/21 MP: 7/7
  1363 | D:2      | Found a burning altar of Makhleb.
  1549 | D:2      | Reached skill level 3 in Dodging
  1831 | D:2      | Found a hide-covered altar of Uskayaw.
  2590 | D:3      | Reached XP level 4. HP: 26/26 MP: 8/8
  2699 | D:3      | HP: 1/26 [orc priest/divine providence (11)]
  3155 | D:3      | Reached skill level 1 in Evocations
  3867 | D:4      | Noticed a phantom
  3881 | D:4      | Killed a phantom
  3881 | D:4      | Reached skill level 1 in Armour
  3881 | D:4      | Reached XP level 5. HP: 11/31 MP: 9/9
  4248 | D:3      | Reached XP level 6. HP: 16/36 MP: 10/10
  4258 | D:3      | Reached skill level 4 in Dodging
  5072 | D:4      | Reached XP level 7. HP: 38/41 MP: 11/11
  5259 | D:4      | Noticed Robin
  5271 | D:4      | Killed Robin
  5301 | D:4      | Reached skill level 5 in Dodging
  5731 | D:4      | Learned a level 2 spell: Slow
  5737 | D:5      | Entered Level 5 of the Dungeon
  6321 | D:5      | Noticed a yak
  6338 | D:4      | Killed a yak
  6338 | D:4      | Reached skill level 6 in Dodging
  6338 | D:4      | Reached XP level 8. HP: 31/48 MP: 13/13
  6744 | D:5      | Reached skill level 5 in Evocations
  7166 | D:5      | Reached skill level 7 in Dodging
  7410 | D:6      | Noticed Serafim's ghost (novice MiFi)
  7453 | D:6      | Found a staircase to the Ecumenical Temple.
  7881 | D:5      | Reached skill level 5 in Fighting
  8085 | D:6      | Reached XP level 9. HP: 47/54 MP: 15/15
  8593 | D:7      | Found Fanimium's Book Boutique.
  8598 | D:7      | Noticed Fv001's ghost (novice DrCj)
  9125 | D:7      | Found a snail-covered altar of Cheibriados.
  9187 | D:7      | Noticed Prince Ribbit
  9229 | D:7      | Killed Prince Ribbit
  9229 | D:7      | Reached skill level 5 in Armour
  9229 | D:7      | Reached skill level 8 in Dodging
  9372 | D:7      | You fall through a shaft!
  9667 | D:8      | Found Lych's Gadget Emporium.
  9752 | D:7      | Noticed Pikel
  9961 | D:8      | Noticed a two-headed ogre
 10013 | D:7      | Noticed Duvessa
 10027 | D:7      | Killed Duvessa
 10038 | D:7      | Noticed Dowan
 10047 | D:7      | Killed Dowan
 10387 | D:7      | Noticed a two-headed ogre
 10432 | D:7      | Killed Pikel
 10432 | D:7      | Reached skill level 9 in Dodging
 10432 | D:7      | Reached XP level 10. HP: 50/60 MP: 17/17
 10445 | D:7      | Killed a two-headed ogre
 10761 | D:7      | Found a deep blue altar of Sif Muna.
 10762 | D:7      | Found a glowing silver altar of Zin.
 10831 | Temple   | Entered the Ecumenical Temple
 11044 | Temple   | Became a worshipper of Gozag Ym Sagoz the Greedy
 11464 | D:8      | Noticed Joseph
 11479 | D:8      | Paralysed by Joseph for 4 turns
 11493 | D:8      | Killed Joseph
 11629 | D:8      | Identified a scroll of acquirement
 11697 | D:8      | Bought a dazzling war axe for 204 gold pieces
 11698 | D:8      | Identified the +6 war axe of the Chickpea {antimagic, rF+} (You bought it in a shop on level 8 of the Dungeon)
 11812 | D:8      | Killed a two-headed ogre
 11979 | D:9      | Reached skill level 10 in Dodging
 12255 | D:9      | Found a staircase to the Orcish Mines.
 12544 | D:9      | Noticed Psyche
 12558 | D:9      | Killed Psyche
 12616 | D:9      | Noticed Erica
 12638 | D:9      | Killed Erica
 12638 | D:9      | Reached XP level 11. HP: 36/67 MP: 10/19
 12914 | D:9      | Found a glowing golden altar of the Shining One.
 13216 | D:10     | Entered Level 10 of the Dungeon
 13507 | D:9      | Reached skill level 1 in Axes
 14161 | D:10     | Noticed Josephine
 14173 | D:10     | Killed Josephine
 14394 | D:10     | Reached skill level 11 in Dodging
 14877 | D:10     | Noticed Snorg
 15096 | D:10     | Killed Snorg
 15424 | D:10     | Reached skill level 10 in Evocations
 15505 | D:10     | Found a staircase to the Lair.
 16006 | D:10     | Noticed a five-headed hydra
 16030 | D:10     | Killed a five-headed hydra
 16408 | D:8      | Bought a translucent flail for 204 gold pieces
 16411 | D:8      | Identified the cursed +0 flail of Ridytir {drain, Str+2} (You bought it in a shop on level 8 of the Dungeon)
 16415 | D:8      | Bought a steaming quarterstaff for 216 gold pieces
 16415 | D:8      | Identified the +6 quarterstaff "Pyppinis" {flame, *Slow Int+3 Dex+3} (You bought it in a shop on level 8 of the Dungeon)
 16418 | D:8      | Bought a bloodstained bardiche for 336 gold pieces
 16418 | D:8      | Identified the +4 bardiche of Bowofur {flame, rN+ Str+8 Int-4 SInv} (You bought it in a shop on level 8 of the Dungeon)
 16660 | D:11     | Reached XP level 12. HP: 57/72 MP: 21/21
 17257 | D:11     | Reached skill level 1 in Polearms
 17347 | D:11     | Reached skill level 12 in Dodging
 17359 | D:11     | Got a crystal quarterstaff
 17360 | D:11     | Identified the cursed +0 quarterstaff "Vecw" {elec, *Noise rF+ rC+} (You found it on level 11 of the Dungeon)
 17409 | D:11     | Noticed Grum
 17660 | D:11     | Killed Grum
 17660 | D:11     | Reached skill level 5 in Hexes
 17785 | D:11     | Noticed a two-headed ogre
 17809 | D:11     | Killed a two-headed ogre
 18093 | D:11     | Noticed Sonja
 18102 | D:11     | Killed Sonja
 18763 | D:12     | Noticed a five-headed hydra
 18773 | D:12     | Killed a two-headed hydra
 18773 | D:12     | Reached skill level 5 in Spellcasting
 18926 | D:12     | Learned a level 4 spell: Cause Fear
 19032 | D:12     | Found a shadowy altar of Dithmenos.
 19032 | D:12     | Noticed a two-headed ogre
 19048 | D:12     | Killed a two-headed ogre
 19389 | Orc:1    | Entered Level 1 of the Orcish Mines
 19978 | Orc:1    | Found a roughly hewn altar of Beogh.
 20254 | Orc:2    | Entered Level 2 of the Orcish Mines
 20258 | Orc:2    | Noticed Erolcha
 20459 | D:9      | Bought the amulet of Equivalence {Spirit rN++ MR-} for 606 gold pieces
 20954 | Orc:1    | Killed Erolcha
 20954 | Orc:1    | Reached skill level 13 in Dodging
 21256 | Orc:2    | Noticed an ettin
 21258 | Orc:2    | Noticed an ice dragon
 21258 | Orc:2    | an ettin changed into an ice dragon
 21297 | D:9      | Bought the cursed ring "Leghaf" {rElec Int-3} for 147 gold pieces
 21297 | D:9      | Bought a cursed ring of loudness for 63 gold pieces
 21346 | Lair:1   | Entered Level 1 of the Lair of Beasts
 21676 | Lair:1   | Found a labyrinth entrance.
 21685 | Lab      | Entered a labyrinth
 21772 | Lab      | Noticed a minotaur
 21781 | Lab      | Killed a minotaur
 21781 | Lab      | Reached XP level 13. HP: 76/76 MP: 25/25
 21785 | Lab      | Got a steaming hunting sling
 21830 | Lair:1   | Identified the +3 hunting sling of the Valley of Death {velocity, rC+ MR- Int+4 Dex+3} (You took it off a minotaur in a labyrinth)
 22149 | Lair:1   | Noticed Fannar
 22160 | Lair:1   | Killed Fannar
 22852 | Lair:2   | Learned a level 3 spell: Dazzling Spray
 23064 | Lair:2   | Found a staircase to the Swamp.
 23590 | Lair:2   | Reached skill level 5 in Polearms
 24534 | Lair:3   | Reached skill level 14 in Dodging
 25681 | Lair:4   | Noticed Deemzul's ghost (journeyman FoFi)
 27043 | Lair:4   | Identified the amulet "Doderu" {rC- Regen+ Dex+7 Stlth+} (You found it on level 4 of the Lair of Beasts)
 27231 | Lair:4   | Found a hole to the Spider Nest.
 27941 | Lair:4   | Reached skill level 10 in Spellcasting
 29053 | Lair:5   | Reached XP level 14. HP: 82/82 MP: 26/30
 29289 | Lair:5   | Reached skill level 15 in Dodging
 29732 | Lair:5   | Found a runed door.
 29733 | Lair:5   | Found a viscous altar of Jiyva.
 29789 | Lair:5   | Found a staircase to the Slime Pits.
 30217 | Lair:5   | Found a glowing golden altar of the Shining One.
 31205 | D:10     | Bought a spiked plate armour for 980 gold pieces
 31205 | D:10     | Bought a pair of runed boots for 262 gold pieces
 31235 | D:10     | Identified a +0 pair of boots of running (You bought it in a shop on level 10 of the Dungeon)
 31239 | D:10     | Identified the +8 plate armour "Izxushei" {rPois Str+2 Int+3} (You bought it in a shop on level 10 of the Dungeon)
 31248 | D:10     | Bought a pair of runed boots for 262 gold pieces
 31258 | D:10     | Identified a +1 pair of boots of running (You bought it in a shop on level 10 of the Dungeon)
 31388 | Lair:6   | Entered Level 6 of the Lair of Beasts
 33670 | D:10     | Bought a tattered robe for 199 gold pieces
 33671 | D:10     | Identified the +1 robe "Rupiaqe" {*Corrode rC+ MR++ Str+2} (You bought it in a shop on level 10 of the Dungeon)
 34292 | D:12     | Reached skill level 10 in Armour
 34652 | D:13     | Reached XP level 15. HP: 74/86 MP: 24/32
 34846 | D:13     | Found Sakkaf's Armour Emporium.
 35092 | D:13     | Found a gate to the Vaults.
 35455 | D:13     | Identified the +2 robe "Eblakalo" {rPois SInv} (You found it on level 13 of the Dungeon)
 35943 | D:14     | Found a portal to a secret trove of treasure.
 35982 | D:14     | Found a blossoming altar of Fedhas.
 36404 | D:14     | Identified the +4 long sword of Overwhelming Force {slice, rC+} (You found it on level 14 of the Dungeon)
 36840 | D:14     | Reached XP level 16. HP: 92/92 MP: 33/33
 36892 | D:14     | You fall through a shaft!
 36892 | D:15     | Entered Level 15 of the Dungeon
 36933 | D:15     | Noticed Nessos
 37635 | D:15     | Killed Nessos
 37845 | D:15     | Found Quyffech's Armour Shop.
 37851 | D:15     | Bought a +0 cloak for 67 gold pieces
 37901 | D:15     | Reached skill level 10 in Polearms
 38559 | D:15     | Found a staircase to the Depths.
 38571 | D:15     | Learned a level 4 spell: Force Lance
 38637 | D:15     | Reached skill level 1 in Translocations
 39260 | D:15     | Bought a runed cloak for 240 gold pieces
 39273 | D:15     | Bought a distressingly furry robe for 182 gold pieces
 39273 | D:15     | Identified the cursed +0 robe of Valour {+Inv Int-4 Dex+3} (You bought it in a shop on level 15 of the Dungeon)
 39586 | Orc:2    | Noticed Donald
 39611 | Orc:2    | Killed Donald
 40592 | Orc:2    | Found a roughly hewn altar of Beogh.
 41109 | Orc:2    | Found Rungiutwo's Magic Scroll Shop.
 41109 | Orc:2    | Found Zatteg's Jewellery Emporium.
 41218 | Orc:2    | Found Noits's Gadget Emporium.
 41365 | Orc:2    | Found Mor Cionwu's Magic Scroll Emporium.
 41365 | Orc:2    | Found Mitwao's Weapon Shop.
 41389 | Orc:2    | Found a roughly hewn altar of Beogh.
 41557 | Orc:2    | Found a staircase to the Elven Halls.
 41572 | Orc:2    | Paralysed by an orc sorcerer for 4 turns
 42189 | D:15     | Bought the +3 hat of Pondering {ponderous, MR+ MP+10 Int+5} for 1219 gold pieces
 42527 | Spider:1 | Entered Level 1 of the Spider Nest
 42852 | Lair:4   | Reached XP level 17. HP: 80/96 MP: 24/35
 45984 | Spider:1 | Slain by a ghost moth

Skill      XL: |  1  2  3  4  5  6  7  8  9 10 11 12 13 14 15 16 17 |
---------------+----------------------------------------------------+-----
Fighting       | 1 2 3 4 5 6 7 |  7.4
Dodging        | 3 4 6 7 9 10 11 13 14 15 | 15.2
Throwing       | 3 |  3.2
Evocations     | 1 2 3 4 5 7 9 10 | 10.0
Armour         | 1 2 3 4 5 6 8 10 11 12 | 12.1
Axes           | 3 |  3.8
Spellcasting   | 6 10 11 12 | 12.6
Polearms       | 4 6 8 9 10 | 10.8
Hexes          | 8 9 |  9.7
Conjurations   | 6 7 |  7.8
Translocations | 2 4 |  4.1

Action                   |  1- 3 |  4- 6 |  7- 9 | 10-12 | 13-15 | 16-18 || total
-------------------------+-------+-------+-------+-------+-------+-------++-------
Melee: Short sword       |   107 |     8 |       |       |       |       ||   115
       Unarmed           |     1 |       |       |       |       |       ||     1
       Dagger            |       |   101 |   598 |   403 |       |       ||  1102
       War axe           |       |       |       |   225 |       |       ||   225
       Bardiche          |       |       |       |   299 |  1064 |   802 ||  2165
 Fire: Hunting sling     |       |       |       |       |     3 |       ||     3
Throw: Javelin           |    28 |     5 |       |       |       |       ||    33
       Throwing net      |     5 |       |     1 |     1 |       |       ||     7
       Stone             |     6 |    25 |    11 |     5 |       |       ||    47
       Tomahawk          |       |    15 |       |    45 |     5 |       ||    65
 Cast: Corona            |     6 |       |       |    38 |    61 |    33 ||   138
       Slow              |       |       |       |    50 |    81 |    49 ||   180
       Cause Fear        |       |       |       |     1 |       |     2 ||     3
       Dazzling Spray    |       |       |       |       |       |    78 ||    78
Invok: Call Merchant     |       |       |       |     2 |     2 |     2 ||     6
Evoke: Wand              |       |     1 |    31 |    36 |    26 |    13 ||   107
       Sack of spiders   |       |       |       |     1 |       |     2 ||     3
  Use: Scroll            |     6 |     6 |     5 |    16 |    14 |     7 ||    54
       Potion            |       |     2 |     6 |    10 |     7 |     8 ||    33
 Stab: Held in net/web   |     1 |       |       |       |       |       ||     1
       Invisible         |       |       |     3 |       |       |    10 ||    13
       Paralysed         |       |       |       |    68 |    14 |     6 ||    88
       Distracted        |       |       |       |     1 |     6 |     6 ||    13
       Confused          |       |       |       |     1 |     3 |       ||     4
  Eat: Chunk             |     5 |     8 |    20 |       |       |       ||    33
       Royal jelly       |       |       |       |     5 |     3 |     3 ||    11
       Fruit             |       |       |       |     3 |    26 |       ||    29
       Bread ration      |       |       |       |     8 |     3 |       ||    11
       Meat ration       |       |       |       |       |     2 |     5 ||     7
Armor: Robe              |    39 |       |       |       |       |       ||    39
       Leather armour    |     1 |     7 |       |       |       |       ||     8
       Ring mail         |       |    28 |   226 |   359 |   152 |       ||   765
       Plate armour      |       |       |       |       |   403 |   780 ||  1183
Dodge: Dodged            |    92 |    50 |   428 |   978 |  1125 |   910 ||  3583
